AoeStats
← RAMIRO MARRA

Arabia

509963718Analyzed
1v1 RM · 4d ago on Sep 28, 2026· 52m 38s· 2 players
Game mode
Random Map
Map size
Tiny (2 player)
Population
200
Speed
Normal
Resources
Standard
Victory
Conquest
Starting age
Dark Age
Ending age
Imperial Age
RankedLock teamsTeams togetherTeam positionsShared explorationLock speedFull tech treeHidden civsTurbo modeCheats
Victory
Defeat
🇧🇷 Malay · Brazil
1044
+16
🇦🇷 Aztecs · Argentina
1034
-16
RAMIRO MARRA
6:32 Loom
9:18 Feudal Age
12:43 Double-Bit Axe
17:08 Wheelbarrow
16:19 Town Watch
20:34 Castle Age
19:41 Gold Mining
19:34 Horse Collar
20:41 Forging
20:31 Scale Mail Armor
21:13 Eagle Warrior
24:59 Hand Cart
24:30 Town Watch
25:39 Heavy Plow
25:54 Bow Saw
27:14 Town Patrol
30:12 Squires
30:52 Iron Casting
30:32 Chain Mail Armor
37:23 Imperial Age
36:30 Arson
39:24 Blast Furnace
38:55 Plate Mail Armor
39:08 Theocracy
39:21 Block Printing
39:34 Illumination
39:15 Elite Eagle Warrior
40:25 Heavy Plow
46:22 Conscription
48:19 Onager
tacachinelo
6:39 Loom
9:22 Feudal Age
9:19 Double-Bit Axe
18:12 Gold Mining
21:35 Castle Age
19:58 Fletching
20:08 Padded Archer Armor
20:44 Padded Archer Armor
20:59 Horse Collar
22:26 Bodkin Arrow
23:09 Elite Skirmisher
25:08 Husbandry
25:35 Bow Saw
25:55 Scale Barding Armor
27:05 Heavy Plow
28:05 Forging
28:01 Crossbowman
29:46 Iron Casting
33:36 Wheelbarrow
33:17 Thumb Ring
37:37 Imperial Age
35:14 Light Cavalry
37:18 Leather Archer Armor
37:30 Ballistics
38:00 Conscription
38:15 Squires
37:37 Man-at-Arms
38:25 Bracer
38:46 Hand Cart
39:19 Gold Shaft Mining
38:49 Long Swordsman
39:56 Arbalester
40:48 Town Watch
42:21 Forced Levy
42:20 Two-Handed Swordsman
44:02 Arson
46:00 Blast Furnace
52:22 Ring Archer Armor
Connection lost

Rejoining the realm…

Still unreachable

The connection could not be restored.

Session expired

The server has moved on; the page needs a fresh start.